| TOP OF THE 1ST |
|
New York Mets batting - Pitching for Pittsburgh Pirates : RHP Rafael Santana
|
|
Pitching: RHP Rafael Santana
|
|
|
Batting: LHB Lyman Bostock
|
0-0: Foul Ball, location: 2F 0-1: Foul Ball, location: 2F 0-2: Ball 1-2: Ball 2-2: Ground out 4-3 (Groundball, 34, EV 92.5 MPH)
|
|
Batting: LHB Roy E Johnson
|
0-0: Fly out, F8 (Flyball, 8RD, EV 91.9 MPH)
|
|
Batting: LHB John Kruk
|
0-0: Ball 1-0: Foul Ball, location: 2F 1-1: Foul Ball, location: 2F 1-2: Strikes out swinging
|
| Top of the 1st over - 0 runs, 0 hits, 0 errors, 0 left on base; New York 0 - Pittsburgh 0 |
| BOTTOM OF THE 1ST |
|
Pittsburgh Pirates batting - Pitching for New York Mets : RHP Pete Redfern
|
|
Pitching: RHP Pete Redfern
|
|
|
Batting: RHB Dan Gladden
|
0-0: Ball 1-0: Ball 2-0: Ball 3-0: Called Strike 3-1: Called Strike 3-2: Foul Ball, location: 2F 3-2: SINGLE (Groundball, 4D, EV 100.6 MPH)
|
|
Batting: SHB Chili Davis
|
0-0: Ball Dan Gladden steals 2nd base (no throw) 1-0: Ball 2-0: DOUBLE (Groundball, 3L, EV 107.5 MPH) Dan Gladden scores
|
|
Batting: RHB Rennie Stennett
|
0-0: Ground out 5-3 (Groundball, 56, EV 90.0 MPH)
|
|
Batting: LHB Robert Lopez
|
0-0: Called Strike 0-1: Ball 1-1: Foul Ball, location: 2F 1-2: Foul Ball, location: 2F 1-2: Foul Ball, location: 2F 1-2: Foul Ball, location: 2F 1-2: Ground out 6-3 (Groundball, 6, EV 102.5 MPH)
|
|
Batting: LHB Greg Walker
|
0-0: Called Strike 0-1: Ball 1-1: Ball 2-1: Ground out 4-3 (Groundball, 4, EV 86.9 MPH)
|
| Bottom of the 1st over - 1 run, 2 hits, 0 errors, 1 left on base; New York 0 - Pittsburgh 1 |
| TOP OF THE 2ND |
|
New York Mets batting - Pitching for Pittsburgh Pirates : RHP Rafael Santana
|
|
Batting: SHB Ken Singleton
|
0-0: Ball 1-0: Fly out, F9 (Line Drive, 9, EV 106.3 MPH)
|
|
Batting: RHB Brad Komminsk
|
0-0: Called Strike 0-1: Called Strike 0-2: Ball 1-2: Ball 2-2: Ball 3-2: Base on Balls
|
|
Batting: RHB Dave Concepcion
|
0-0: Fly out, F7 (Flyball, 7D, EV 101.9 MPH)
|
|
Batting: LHB Terry Kennedy
|
0-0: Ball 1-0: Foul Ball, location: 2F 1-1: Ball 2-1: Ball 3-1: SINGLE (Groundball, 4MD, EV 94.4 MPH) Brad Komminsk to second Runner from 2nd tries for 3rd, SAFE, throw by CF made to third
|
|
Batting: RHB Rick Burleson
|
0-0: Ball 1-0: Called Strike 1-1: Ball 2-1: Foul Ball, location: 2F 2-2: Foul Ball, location: 2F 2-2: Fly out, F8 (Flyball, 8LM, EV 85.0 MPH)
|
| Top of the 2nd over - 0 runs, 1 hit, 0 errors, 2 left on base; New York 0 - Pittsburgh 1 |
| BOTTOM OF THE 2ND |
|
Pittsburgh Pirates batting - Pitching for New York Mets : RHP Pete Redfern
|
|
Batting: RHB Mike C Brown
|
0-0: Ball 1-0: Foul Ball, location: 2F 1-1: SINGLE (Line Drive, 34D, EV 103.8 MPH)
|
|
Batting: SHB John Shelby
|
0-0: Ball 1-0: Foul Ball, location: 2F 1-1: Fly out, F5 (Popup, 56S, EV 70.6 MPH)
|
|
Batting: SHB Ron Oester
|
0-0: Ball 1-0: Ball 2-0: Called Strike 2-1: Foul Ball, location: 2F 2-2: Ball 3-2: Foul Ball, location: 2F 3-2: Base on Balls Mike C Brown to second
|
|
Batting: RHB Rafael Santana
|
0-0: Called Strike 0-1: Ground out 4-3 (Groundball, 4MS, EV 70.6 MPH) Mike C Brown to third Ron Oester to second
|
|
Batting: RHB Dan Gladden
|
0-0: Ground out 5-3 (Groundball, 56, EV 88.1 MPH)
|
| Bottom of the 2nd over - 0 runs, 1 hit, 0 errors, 2 left on base; New York 0 - Pittsburgh 1 |
| TOP OF THE 3RD |
|
New York Mets batting - Pitching for Pittsburgh Pirates : RHP Rafael Santana
|
|
Batting: RHB Pete Redfern
|
0-0: Ball 1-0: Ball 2-0: Foul Ball, location: 2F 2-1: Foul Ball, location: 2F 2-2: Strikes out swinging
|
|
Batting: LHB Lyman Bostock
|
0-0: Foul Ball, location: 2F 0-1: DOUBLE (Line Drive, 7LS, EV 105.6 MPH)
|
|
Batting: LHB Roy E Johnson
|
0-0: Ball 1-0: Ball 2-0: Ball 3-0: Base on Balls
|
|
Batting: LHB John Kruk
|
0-0: Called Strike 0-1: Called Strike 0-2: Ball 1-2: Ball 2-2: SINGLE (Line Drive, 9LS, EV 93.1 MPH) Lyman Bostock to third Roy E Johnson to second Runner from 3rd tries for Home, SAFE, throw by RF to home
|
|
Batting: SHB Ken Singleton
|
0-0: Ball Roy E Johnson steals 3rd base (no throw) John Kruk to second 1-0: Fly out, F8 (Flyball, 8RS, EV 91.9 MPH)
|
|
Batting: RHB Brad Komminsk
|
0-0: Called Strike 0-1: Swinging Strike 0-2: Strikes out looking
|
| Top of the 3rd over - 1 run, 2 hits, 0 errors, 2 left on base; New York 1 - Pittsburgh 1 |
| BOTTOM OF THE 3RD |
|
Pittsburgh Pirates batting - Pitching for New York Mets : RHP Pete Redfern
|
|
Batting: SHB Chili Davis
|
0-0: Ball 1-0: Fly out, F8 (Line Drive, 8RM, EV 103.8 MPH)
|
|
Batting: RHB Rennie Stennett
|
0-0: SINGLE (Popup, 3D, EV 48.1 MPH)
|
|
Batting: LHB Robert Lopez
|
0-0: Foul Ball, location: 2F 0-1: Called Strike 0-2: Fly out, F8 (Flyball, 8LD, EV 105.6 MPH)
|
|
Batting: LHB Greg Walker
|
0-0: Foul Ball, location: 2F 0-1: Called Strike 0-2: Ball Rennie Stennett steals 2nd base 1-2: Ball 2-2: Strikes out swinging
|
| Bottom of the 3rd over - 0 runs, 1 hit, 0 errors, 1 left on base; New York 1 - Pittsburgh 1 |
| TOP OF THE 4TH |
|
New York Mets batting - Pitching for Pittsburgh Pirates : RHP Rafael Santana
|
|
Batting: RHB Dave Concepcion
|
0-0: Ball 1-0: Called Strike 1-1: TRIPLE (Line Drive, 78XD, EV 103.8 MPH)
|
|
Batting: LHB Terry Kennedy
|
0-0: Foul Ball, location: 2F 0-1: Fly out, F8 (Flyball, 8RD, EV 105.0 MPH) Runner from 3rd tags up, SCORES, throw by CF
|
|
Batting: RHB Rick Burleson
|
0-0: Swinging Strike 0-1: Foul Ball, location: 2F 0-2: Ball 1-2: Ball 2-2: Ball 3-2: Fly out, F7 (Flyball, 7LM, EV 88.1 MPH)
|
|
Batting: RHB Pete Redfern
|
0-0: Ground out 5-3 (Groundball, 56, EV 80.6 MPH)
|
| Top of the 4th over - 1 run, 1 hit, 0 errors, 0 left on base; New York 2 - Pittsburgh 1 |
| BOTTOM OF THE 4TH |
|
Pittsburgh Pirates batting - Pitching for New York Mets : RHP Pete Redfern
|
|
Batting: RHB Mike C Brown
|
0-0: Ball 1-0: Fly out, F9 (Line Drive, 9D, EV 93.8 MPH)
|
|
Batting: SHB John Shelby
|
0-0: Called Strike 0-1: Foul Ball, location: 2F 0-2: Strikes out looking
|
|
Batting: SHB Ron Oester
|
0-0: Swinging Strike 0-1: Hit by Pitch
|
|
Batting: RHB Rafael Santana
|
0-0: Swinging Strike 0-1: Swinging Strike 0-2: Strikes out looking
|
| Bottom of the 4th over - 0 runs, 0 hits, 0 errors, 1 left on base; New York 2 - Pittsburgh 1 |
| TOP OF THE 5TH |
|
New York Mets batting - Pitching for Pittsburgh Pirates : RHP Rafael Santana
|
|
Batting: LHB Lyman Bostock
|
0-0: Fly out, F5 (Popup, 5F, EV 81.9 MPH)
|
|
Batting: LHB Roy E Johnson
|
0-0: Called Strike 0-1: Ball 1-1: Ball 2-1: Called Strike 2-2: Ball 3-2: Fly out, F4 (Popup, 4S, EV 69.4 MPH)
|
|
Batting: LHB John Kruk
|
0-0: Foul Ball, location: 2F 0-1: Ball 1-1: Foul Ball, location: 2F 1-2: Ball 2-2: Strikes out swinging
|
| Top of the 5th over - 0 runs, 0 hits, 0 errors, 0 left on base; New York 2 - Pittsburgh 1 |
| BOTTOM OF THE 5TH |
|
Pittsburgh Pirates batting - Pitching for New York Mets : RHP Pete Redfern
|
|
Batting: RHB Dan Gladden
|
0-0: Ball 1-0: Ball 2-0: Ball 3-0: Base on Balls
|
|
Batting: SHB Chili Davis
|
0-0: Ball 1-0: Ball 2-0: Swinging Strike 2-1: Foul Ball, location: 2F 2-2: Foul Ball, location: 2F 2-2: SINGLE (Line Drive, 56D, EV 100.6 MPH) Dan Gladden to second Runner from 2nd tries for 3rd, SAFE, no throw by LF
|
|
Batting: RHB Rennie Stennett
|
0-0: Ball 1-0: Called Strike 1-1: Swinging Strike 1-2: Ball 2-2: Ball 3-2: Base on Balls Chili Davis to second
|
|
Batting: LHB Robert Lopez
|
0-0: Called Strike 0-1: Fielders Choice at 2nd, 4-6 (Groundball, 34D, EV 104.4 MPH) Dan Gladden scores Chili Davis to third
|
|
Batting: LHB Greg Walker
|
0-0: Called Strike 0-1: Ball 1-1: Foul Ball, location: 2F 1-2: SINGLE (Line Drive, 9S, EV 98.8 MPH) Chili Davis scores Robert Lopez to second
|
|
Batting: RHB Mike C Brown
|
0-0: Called Strike 0-1: Ball 1-1: Foul Ball, location: 2F 1-2: Grounds into double play, 6-4-3 (Groundball, 6, EV 81.3 MPH)
|
| Bottom of the 5th over - 2 runs, 2 hits, 0 errors, 1 left on base; New York 2 - Pittsburgh 3 |
| TOP OF THE 6TH |
|
New York Mets batting - Pitching for Pittsburgh Pirates : RHP Rafael Santana
|
|
Batting: SHB Ken Singleton
|
0-0: Ball 1-0: Foul Ball, location: 2F 1-1: Swinging Strike 1-2: Foul Ball, location: 2F 1-2: Ball 2-2: Ball 3-2: Fly out, F9 (Line Drive, 89M, EV 90.6 MPH)
|
|
Batting: RHB Brad Komminsk
|
0-0: Ball 1-0: Ball 2-0: Ground out 4-3 (Groundball, 4, EV 87.5 MPH)
|
|
Batting: RHB Dave Concepcion
|
0-0: Foul Ball, location: 2F 0-1: Swinging Strike 0-2: Ball 1-2: Ground out 6-3 (Groundball, 6, EV 90.0 MPH)
|
| Top of the 6th over - 0 runs, 0 hits, 0 errors, 0 left on base; New York 2 - Pittsburgh 3 |
| BOTTOM OF THE 6TH |
|
Pittsburgh Pirates batting - Pitching for New York Mets : RHP Pete Redfern
|
|
Batting: SHB John Shelby
|
0-0: Fly out, F8 (Flyball, 89D, EV 102.5 MPH)
|
|
Batting: SHB Ron Oester
|
0-0: Called Strike 0-1: Foul Ball, location: 2F 0-2: Ground out 5-3 (Groundball, 5, EV 105.0 MPH)
|
|
Batting: RHB Rafael Santana
|
0-0: Called Strike 0-1: Called Strike 0-2: Strikes out looking
|
| Bottom of the 6th over - 0 runs, 0 hits, 0 errors, 0 left on base; New York 2 - Pittsburgh 3 |
| TOP OF THE 7TH |
|
New York Mets batting - Pitching for Pittsburgh Pirates : RHP Rafael Santana
|
|
Pitching: RHP Mark Lemongello
|
|
|
Batting: LHB Terry Kennedy
|
0-0: Called Strike 0-1: Fly out, F9 (Line Drive, 9, EV 96.3 MPH)
|
|
Batting: RHB Rick Burleson
|
0-0: Ground out 4-3 (Groundball, 4, EV 86.3 MPH)
|
|
Batting: RHB Pete Redfern
|
0-0: Called Strike 0-1: Ball 1-1: Fly out, F9 (Flyball, 9D, EV 108.1 MPH)
|
| Top of the 7th over - 0 runs, 0 hits, 0 errors, 0 left on base; New York 2 - Pittsburgh 3 |
| BOTTOM OF THE 7TH |
|
Pittsburgh Pirates batting - Pitching for New York Mets : RHP Pete Redfern
|
|
Batting: RHB Dan Gladden
|
0-0: Ball 1-0: SINGLE (Groundball, 6MD, EV 110.0 MPH)
|
|
Batting: SHB Chili Davis
|
0-0: Ball 1-0: Fly out, F8 (Flyball, 8RD, EV 101.3 MPH)
|
|
Batting: RHB Rennie Stennett
|
0-0: Called Strike Dan Gladden steals 2nd base 0-1: Ball 1-1: Fly out, F8 (Flyball, 89M, EV 79.4 MPH)
|
|
Batting: LHB Robert Lopez
|
0-0: Fly out, F8 (Flyball, 8LS, EV 80.0 MPH)
|
| Bottom of the 7th over - 0 runs, 1 hit, 0 errors, 1 left on base; New York 2 - Pittsburgh 3 |
| TOP OF THE 8TH |
|
New York Mets batting - Pitching for Pittsburgh Pirates : RHP Mark Lemongello
|
|
Batting: LHB Lyman Bostock
|
0-0: Swinging Strike 0-1: Fly out, F8 (Flyball, 8LD, EV 78.8 MPH)
|
|
Batting: LHB Roy E Johnson
|
0-0: Ball 1-0: Ball 2-0: Ball 3-0: Base on Balls
|
|
Batting: LHB John Kruk
|
0-0: Ball 1-0: Ball 2-0: Called Strike 2-1: Ball 3-1: Base on Balls Roy E Johnson to second
|
|
Batting: SHB Ken Singleton
|
0-0: Ball 1-0: Called Strike 1-1: Ball 2-1: Fly out, F5 (Popup, 5SF, EV 82.5 MPH)
|
|
Pinch Hitting: LHB Alamazoo White
|
0-0: Ball 1-0: Ground out U3 (Groundball, 34, EV 83.8 MPH)
|
| Top of the 8th over - 0 runs, 0 hits, 0 errors, 2 left on base; New York 2 - Pittsburgh 3 |
| BOTTOM OF THE 8TH |
|
Pittsburgh Pirates batting - Pitching for New York Mets : RHP Pete Redfern
|
|
Now at 3B: Alamazoo White
|
|
|
Batting: LHB Greg Walker
|
0-0: Ball 1-0: Ball 2-0: DOUBLE (Flyball, 8LXD, EV 95.0 MPH)
|
|
Batting: RHB Mike C Brown
|
0-0: Foul Ball, location: 2F 0-1: Ball 1-1: Ground out 6-3 (Groundball, 6MS, EV 88.1 MPH) Greg Walker to third
|
|
Batting: SHB John Shelby
|
0-0: Ball 1-0: Called Strike 1-1: Foul Ball, location: 2F 1-2: DOUBLE (Line Drive, 9LM, EV 101.9 MPH) Greg Walker scores
|
|
Batting: SHB Ron Oester
|
0-0: Called Strike 0-1: Swinging Strike 0-2: Ground out U3 (Groundball, 34, EV 88.1 MPH) John Shelby to third
|
|
Batting: RHB Mark Lemongello
|
0-0: Ball 1-0: Foul Ball, location: 2F 1-1: Foul Ball, location: 2F 1-2: Foul Ball, location: 2F 1-2: Ball 2-2: Foul Ball, location: 2F 2-2: Ball 3-2: Ground out 5-3 (Groundball, 56, EV 83.8 MPH)
|
| Bottom of the 8th over - 1 run, 2 hits, 0 errors, 1 left on base; New York 2 - Pittsburgh 4 |
| TOP OF THE 9TH |
|
New York Mets batting - Pitching for Pittsburgh Pirates : RHP Mark Lemongello
|
|
Batting: RHB Dave Concepcion
|
0-0: Ball 1-0: Ball 2-0: Called Strike 2-1: Fly out, F7 (Flyball, 7S, EV 84.4 MPH)
|
|
Batting: LHB Terry Kennedy
|
0-0: Ball 1-0: Foul Ball, location: 2F 1-1: Swinging Strike 1-2: DOUBLE (Flyball, 8RXD, EV 88.8 MPH)
|
|
Batting: RHB Rick Burleson
|
0-0: Fly out, F9 (Flyball, 89M, EV 88.1 MPH)
|
|
Pinch Hitting: RHB Gary Redus
|
0-0: Foul Ball, location: 2F 0-1: Ball 1-1: Ball 2-1: Foul Ball, location: 2F 2-2: Foul Ball, location: 2F 2-2: Ball 3-2: SINGLE (Groundball, 5S, EV 68.1 MPH) (infield hit) Terry Kennedy to third
|
|
Batting: LHB Lyman Bostock
|
0-0: Ball 1-0: Fielders Choice at 2nd, 6-4 (Groundball, 6, EV 107.5 MPH)
|
| Top of the 9th over - 0 runs, 2 hits, 0 errors, 2 left on base; New York 2 - Pittsburgh 4 |
|